Map: Blackpink LE

Players

Kelazhur - Winner!

  • Race: Terran Terran
  • Spawn Location: 7:00

RiSky

  • Race: Zerg Zerg
  • Spawn Location: 1:00

Event: IEM Season 12 - Katowice

VOD

Have the link to the VOD?

Description

Time

  • Played on: Feb. 27, 2018, 4:28 a.m.
  • Length: 12:15

All games in this series

Show
View Real Time Build Order
Export as new Build Order

Kelazhur Terran - Winner!

Build Orders: Gas First Reaper Expand, Reaper Expand, Hellion Banshee, Mech 

Get SALT Encoding   

  12  0:00  SCV  
  13  0:13  SCV  
  14  0:17  Supply Depot  
  14  0:25  SCV  
  15  0:29  Refinery  
  15  0:39  SCV  
  16  0:43  Barracks  
  16  0:51  SCV  
  17  1:03  SCV  
  18  1:15  SCV  
  19  1:31  Reaper, Orbital Command  
  20  1:43  Command Center  
  20  1:52  Factory  
  20  1:57  SCV  
  21  2:07  Barracks Reactor  
  21  2:10  SCV  
  22  2:16  Supply Depot, Refinery  
  22  2:22  SCV  
  23  2:36  Engineering Bay  
  23  2:38  SCV  
  23  2:43  Starport  
  24  2:51  SCV, Hellion  
  25  2:53  Hellion  
  25  2:57  Orbital Command  
  29  3:02  Marine  
  29  3:03  SCV  
  31  3:15  SCV  
  32  3:21  Hellion x2  
  32  3:24  Viking  
  32  3:26  SCV  
  39  3:30  Barracks Tech Lab  
  39  3:31  SCV  
  40  3:36  Supply Depot  
  40  3:38  SCV  
  41  3:43  SCV  
  42  3:50  SCV  
  43  3:59  SCV, Cloaking Field, Banshee  
  43  4:01  Supply Depot  
  43  4:02  SCV  
  48  4:11  SCV  
  48  4:15  Command Center  
  49  4:21  SCV  
  49  4:23  SCV  
  51  4:33  SCV  
  51  4:36  Hellion x2  
  56  4:38  SCV  
  56  4:39  Supply Depot  
  56  4:42  Banshee  
  56  4:45  SCV  
  61  4:50  SCV  
  61  4:52  Refinery x2  
  62  4:57  Armory x2  
  62  5:01  SCV  
  62  5:03  SCV  
  64  5:13  SCV  
  65  5:15  SCV  
  65  5:16  Factory, Barracks Tech Lab  
  65  5:17  Factory  
  66  5:23  Hellion x2  
  66  5:26  SCV  
  66  5:27  SCV  
  66  5:28  Orbital Command  
  72  5:29  Supply Depot  
  72  5:38  SCV  
  72  5:39  Starport Reactor, SCV  
  70  5:51  SCV  
  66  5:57  Hellion  
  66  5:59  Hellion, SCV  
  69  6:11  Terran Vehicle Weapons Level 1  
  69  6:12  Terran Vehicle And Ship Armor Level 1  
  69  6:13  SCV  
  69  6:16  Siege Tank x2  
  69  6:17  Supply Depot  
  76  6:19  Hellion  
  76  6:20  Hellion  
  80  6:25  SCV x2  
  80  6:27  Orbital Command  
  80  6:32  Supply Depot  
  82  6:34  Hellion x5  
  82  6:39  Factory  
  82  6:40  SCV x2, Factory  
  82  6:46  Hellion x2  
  88  6:51  Thor  
  88  6:52  SCV  
  88  6:54  Refinery x2  
  95  6:59  Thor  
  95  7:00  SCV x2  
  103  7:04  SCV  
  103  7:07  Hellion x2  
  103  7:08  Supply Depot x2  
  108  7:12  SCV  
  108  7:14  Supply Depot  
  109  7:23  Factory Tech Lab  
  109  7:24  Factory Reactor  
  109  7:27  Supply Depot  
  109  7:29  Supply Depot, SCV x2, Medivac x2  
  115  7:33  Supply Depot  
  115  7:34  Engineering Bay  
  115  7:35  Supply Depot, SCV  
  116  7:41  SCV x2  
  118  7:45  Siege Tank x2  
  118  7:47  SCV  
  125  7:53  SCV x2  
  125  7:56  Supply Depot  
  125  7:58  Hellion x2, Siege Tank  
  134  8:02  SCV  
  135  8:05  SCV  
  136  8:14  Hellion x2  
  136  8:15  SCV x2  
  136  8:17  Siege Tank x2  
  148  8:20  Terran Vehicle Weapons Level 2  
  148  8:22  Hellion x2  
  152  8:30  Hellion  
  154  8:41  Hellion  
  154  8:42  Hellion  
  154  8:45  Supply Depot, SCV  
  154  8:46  Supply Depot  
  159  8:49  Siege Tank  
  158  8:58  Terran Vehicle And Ship Armor Level 2, Command Center  
  158  9:02  Siege Tank  
  165  9:03  Hellion x2  
  165  9:08  Viking x2, Siege Tank  
  170  9:21  Hellion, Siege Tank  
  165  9:27  Infernal Pre-Igniter  
  165  9:29  Hellion x2  
  159  9:37  Siege Tank  
  159  9:38  Viking x2  
  166  9:46  SCV x3  
  166  9:49  Supply Depot x2  
  169  9:53  Refinery  
  169  9:54  Missile Turret  
  169  9:57  Siege Tank x2, Refinery  
  169  9:59  Missile Turret  
  173  10:18  Viking x2  
  177  10:23  Siege Tank  
  177  10:24  Hellion x2  
  184  10:36  Siege Tank  
  184  10:37  Hellion  
  187  10:48  Viking x2  
  191  10:50  Hellion x3  
  195  11:08  Siege Tank  
  195  11:10  Hellion  
  194  11:11  Siege Tank  
  194  11:13  Thor  
  193  11:18  Viking x2  
  195  11:40  Siege Tank  
  195  11:43  Siege Tank  
  195  11:45  Hellion  
  199  11:55  Command Center  
  199  11:56  Command Center  
Show
View Real Time Build Order
Export as new Build Order

RiSky Zerg 

Build Orders: Pool First, Roach Hydra 

Get SALT Encoding   

  12  0:00  Drone  
  13  0:11  Overlord  
  13  0:16  Drone  
  14  0:30  Drone x2  
  14  0:33  Drone  
  17  0:44  Spawning Pool  
  17  0:47  Drone  
  17  1:06  Hatchery  
  17  1:09  Drone  
  17  1:13  Drone  
  18  1:19  Drone  
  18  1:20  Extractor  
  18  1:28  Drone  
  18  1:30  Queen  
  21  1:38  Zergling x2  
  22  1:48  Overlord  
  22  2:06  Queen  
  22  2:08  Drone  
  25  2:11  Drone  
  26  2:19  Drone  
  26  2:20  Queen  
  29  2:27  Metabolic Boost  
  29  2:29  Drone  
  30  2:38  Drone  
  30  2:39  Drone  
  32  2:46  Drone  
  32  2:48  Hatchery  
  32  2:50  Overlord  
  32  2:52  Drone  
  33  2:59  Drone x3  
  36  3:10  Queen  
  37  3:15  Drone, Overlord  
  37  3:17  Drone  
  37  3:18  Drone  
  40  3:22  Drone  
  40  3:24  Drone  
  40  3:25  Drone  
  40  3:26  Drone  
  44  3:29  Overlord  
  44  3:36  Zergling x6  
  47  3:43  Roach Warren  
  47  3:46  Drone  
  47  3:47  Overlord  
  47  3:51  Queen  
  47  3:54  Zergling x2  
  50  3:55  Zergling x2  
  50  3:58  Drone  
  50  4:01  Overlord  
  50  4:02  Drone  
  53  4:03  Drone  
  54  4:11  Drone x2  
  54  4:12  Overlord  
  56  4:18  Drone  
  56  4:19  Queen  
  56  4:20  Drone  
  56  4:22  Overlord  
  56  4:23  Drone  
  61  4:25  Drone  
  61  4:28  Drone  
  61  4:29  Drone  
  64  4:32  Overlord  
  64  4:34  Queen  
  64  4:38  Drone  
  67  4:40  Overlord  
  67  4:42  Spore Crawler  
  67  4:44  Spore Crawler  
  65  4:45  Drone  
  65  4:49  Spore Crawler, Drone  
  65  4:51  Drone  
  66  4:56  Overlord  
  66  4:58  Drone, Zergling x4  
  69  5:02  Zergling x2  
  69  5:04  Zergling x4  
  69  5:06  Drone  
  73  5:09  Drone  
  73  5:12  Evolution Chamber  
  73  5:13  Evolution Chamber  
  72  5:14  Drone, Queen  
  72  5:16  Drone  
  72  5:17  Drone  
  72  5:19  Drone  
  72  5:20  Lair  
  78  5:22  Overlord  
  78  5:27  Drone  
  78  5:31  Overlord  
  78  5:32  Overlord  
  78  5:33  Drone x2  
  78  5:35  Drone  
  81  5:38  Drone  
  81  5:41  Zerg Missile Weapons Level 1, Zerg Ground Armor Level 1  
  82  5:43  Drone  
  82  5:44  Overlord  
  82  5:45  Drone  
  83  5:52  Drone, Overlord  
  83  5:55  Drone x2  
  84  5:59  Drone  
  84  6:01  Drone  
  81  6:06  Drone  
  81  6:08  Drone x3  
  83  6:15  Extractor x2  
  83  6:16  Extractor, Overlord  
  83  6:17  Extractor  
  79  6:19  Drone  
  79  6:21  Drone  
  79  6:24  Drone  
  78  6:27  Drone, Glial Reconstitution  
  78  6:28  Extractor  
  78  6:29  Drone  
  78  6:30  Infestation Pit  
  78  6:33  Drone  
  78  6:35  Hatchery  
  78  6:43  Drone x3  
  78  6:44  Overlord  
  78  6:46  Overseer  
  81  6:48  Drone x2  
  81  6:51  Drone x2  
  85  6:54  Drone  
  85  6:55  Drone  
  85  6:59  Drone  
  85  7:00  Drone x2  
  90  7:02  Overlord  
  90  7:05  Roach x3  
  90  7:07  Hive  
  90  7:08  Roach x2  
  100  7:12  Roach  
  100  7:15  Queen  
  104  7:16  Roach x4  
  104  7:17  Overlord  
  104  7:22  Overlord  
  112  7:25  Drone  
  113  7:30  Roach x3  
  113  7:31  Overlord  
  113  7:32  Drone  
  113  7:34  Hydralisk Den  
  113  7:36  Overlord  
  119  7:37  Drone  
  119  7:38  Roach  
  119  7:41  Extractor  
  119  7:42  Extractor  
  119  7:43  Roach x3  
  126  7:45  Overlord  
  126  7:48  Roach x2  
  126  7:49  Roach  
  132  7:51  Zerg Missile Weapons Level 2  
  132  7:53  Zerg Melee Weapons Level 1  
  132  7:55  Drone x2  
  132  7:57  Drone  
  135  7:58  Overlord  
  135  8:01  Overlord  
  135  8:03  Drone x2  
  135  8:05  Drone x3  
  139  8:08  Drone  
  139  8:12  Overlord  
  141  8:13  Drone  
  141  8:14  Drone  
  141  8:15  Muscular Augments  
  143  8:26  Overlord  
  143  8:29  Spine Crawler  
  143  8:32  Spine Crawler  
  143  8:33  Viper  
  143  8:34  Viper x2  
  146  8:42  Spine Crawler  
  146  8:43  Drone x6  
  146  8:44  Spine Crawler  
  146  8:45  Spine Crawler  
  148  8:49  Hydralisk x2  
  148  8:50  Hydralisk x3  
  150  8:57  Hydralisk  
  150  8:58  Hydralisk  
  150  9:01  Hydralisk  
  153  9:09  Hydralisk  
  153  9:10  Hydralisk x2  
  153  9:15  Hydralisk  
  160  9:18  Extractor  
  160  9:22  Hydralisk x2  
  151  9:33  Hydralisk  
  151  9:34  Drone x2  
  156  9:38  Drone x2  
  156  9:42  Overlord, Grooved Spines  
  156  9:43  Drone  
  156  9:44  Drone x2  
  156  9:45  Drone x3  
  163  9:46  Drone  
  163  9:48  Drone, Spine Crawler  
  163  9:49  Spine Crawler  
  163  9:55  Hydralisk x3  
  163  9:59  Drone  
  170  10:02  Roach x2  
  170  10:03  Overseer  
  170  10:04  Queen  
  176  10:13  Spire  
  175  10:15  Roach  
  175  10:16  Roach  
  174  10:23  Drone  
  174  10:27  Hydralisk  
  174  10:28  Hydralisk x2  
  177  10:33  Viper  
  172  10:47  Viper  
  172  10:49  Overseer  
  175  11:00  Drone x3, Spine Crawler x2  
  176  11:11  Hatchery  
  169  11:15  Hydralisk x8  
  168  11:34  Overlord x2  
  162  11:42  Hydralisk x7  
  166  11:49  Hydralisk x2  

Tags
 
Add a new tag
Caveats
  • Supply blocks, unpowered buildings, or Contaminate may cause inaccurate times.
  • Supply counts are checked every 10 seconds.